 Dungeon Crawl Stone Soup version 0.24.0-29-g8ce449bc06 (webtiles) character file.

Game seed: 10631830062924326899, levelgen mode: deterministic

259 Flugslaktarn the Chopper (level 5, -2/47 HPs)
             Began as a Minotaur Fighter on Nov 14, 2019.
             Was an Initiate of Makhleb.
             Slain by a gnoll
             ... wielding a +0 spear
              (5 damage)
             ... on level 7 of the Dungeon.
             The game lasted 00:01:10 (1894 turns).

Flugslaktarn the Chopper (Minotaur Fighter)         Turns: 1894, Time: 00:01:10

Health: -2/47      AC:  7    Str: 21    XL:     5   Next: 94%
Magic:  4/4        EV:  7    Int:  5    God:    Makhleb [......]
Gold:   39         SH:  9    Dex: 10    Spells: 4/4 levels left

rFire    . . .     SeeInvis .   a - +0 war axe
rCold    . . .     Gourm    .   c - +0 shield
rNeg     . . .     Faith    .   b - +0 scale mail
rPois    .         Spirit   .   (helmet restricted)
rElec    .         Reflect  .   (no cloak)
rCorr    .         Harm     .   (no gloves)
MR       .....                  (no boots)
Stlth    ..........             (no amulet)
HPRegen  0.15/turn              (no ring)
MPRegen  0.09/turn              (no ring)

@: no status effects
A: retaliatory headbutt, horns 2
a: Renounce Religion


You were on level 7 of the Dungeon.
You worshipped Makhleb.
Makhleb was noncommittal.
You were not hungry.

You visited 2 branches of the dungeon, and saw 6 of its levels.

You collected 39 gold pieces.

Inventory:

Hand Weapons
 a - a +0 war axe (weapon)
 m - a +1 hand axe of freezing
   (You took it off an orc on level 4 of the Dungeon)
Armour
 b - a +0 scale mail (worn)
 c - a +0 shield (worn)
Jewellery
 j - a +3 ring of intelligence {unknown}
   (You found it on level 4 of the Dungeon)
 l - an uncursed ring of protection from fire {unknown}
   (You found it on level 4 of the Dungeon)
Wands
 i - a wand of iceblast (8)
   (You found it on level 4 of the Dungeon)
Scrolls
 f - a scroll of identify {unknown}
 n - 2 scrolls of noise {unknown}
Potions
 d - a potion of might
 g - a potion of degeneration {unknown}
 k - a potion of haste {unknown}
Comestibles
 e - 5 rations


   Skills:
 + Level 4.8 Fighting
 * Level 5.0 Axes
 + Level 4.8 Armour
 + Level 4.8 Shields
 + Level 0.5 Invocations


You had 4 spell levels left.
You didn't know any spells.
Your spell library was empty.

Dungeon Overview and Level Annotations

Branches:
Dungeon (4/15)             Temple (1/1) D:4

Altars:
Ashenzari
Cheibriados
Dithmenos
Fedhas
Hepliaklqana
Makhleb
Nemelex Xobeh
Qazlal
Ru
Trog
Uskayaw
Wu Jian
Zin
The Shining One

Annotations:
D:3 2 transporters, p0werm0de's ghost, amateur DDFi


Innate Abilities, Weirdness & Mutations

You reflexively headbutt those who attack you in melee.
You have a pair of horns on your head.


Message History

Makhleb accepts your kill.
Unknown command.
You block the gnoll's attack.
You are too injured to fight recklessly!
You are too injured to fight recklessly!
You block the gnoll's attack. The gnoll completely misses you.
You furiously retaliate!
You headbutt the gnoll, but do no damage.
You hit the gnoll.
You headbutt the gnoll, but do no damage.
The gnoll is almost dead.
The gnoll hits you but does no damage. x2
The gnoll hits you from afar with a +0 spear.
* * * LOW HITPOINT WARNING * * *
You hit the gnoll but do no damage.
The gnoll is almost dead.
The gnoll hits you with a +0 spear.
* * * LOW HITPOINT WARNING * * *
The gnoll hits you from afar with a +0 spear.
You die...

#######+##
#........+
#........#
#......#........#
#(.....#....@...#
#......+....)g..#
#......#######g##
#.......#...##(###
#.......#....'...#
+....g..#...g#...#
#....).g#....#...#
#.......#....#...#
#.......g....#...#


You could see 2 gnolls.

Vanquished Creatures
  A sky beast (D:4)
  A gnoll shaman (D:7)
  A worker ant (D:4)
  2 gnolls (D:7)
  4 adders
  An ooze (D:1)
  An adder skeleton (D:4)
  A worm (D:2)
  2 leopard geckos (D:3)
  10 orcs
  A giant cockroach (D:1)
  3 goblins
  A hobgoblin (D:2)
  3 kobolds (D:1)
  2 bats (D:3)
  3 frilled lizards
  5 rats
42 creatures vanquished.

Notes
Turn   | Place    | Note
-------+----------+-------------------------------------------
     0 | D:1      | Flugslaktarn the Minotaur Fighter began the quest for the
                  | Orb.
     0 | D:1      | Reached XP level 1. HP: 19/19 MP: 0/0
   209 | D:1      | Reached XP level 2. HP: 24/27 MP: 1/1
   254 | D:1      | Reached skill level 3 in Axes
   509 | D:2      | Reached XP level 3. HP: 31/33 MP: 2/2
   619 | D:3      | Found a transporter.
   627 | D:3      | Found a transporter.
   631 | D:3      | Noticed p0werm0de's ghost (amateur DDFi)
  1051 | D:3      | Reached XP level 4. HP: 20/40 MP: 3/3
  1304 | D:4      | Noticed a sky beast
  1314 | D:4      | Killed a sky beast
  1314 | D:4      | Reached skill level 4 in Axes
  1314 | D:4      | Reached XP level 5. HP: 28/47 MP: 4/4
  1446 | D:4      | Found a staircase to the Ecumenical Temple.
  1461 | Temple   | Entered the Ecumenical Temple
  1491 | Temple   | Became a worshipper of Makhleb the Destroyer
  1852 | D:4      | You fall into a shaft and drop 3 floors!
  1870 | D:7      | Reached skill level 5 in Axes
  1894 | D:7      | Slain by a gnoll

Levels and vault maps discovered:
D:1:      mushboom_english_gardens, layout_basic
D:2:      layout_rooms
D:3:      layout_basic, gammafunk_ghost_stat_death
D:4:      minmay_general_purpose_star, layout_basic,
          minmay_temple_entry_mini_moons, gup_sewer_entry_bubbles, first_ration,
          kennysheep_generic_room_10
D:7:      layout_gridville
Temple:   compressed_dpeg_triangle_lava_temple

Skill      XL: |  1  2  3  4  5 |
---------------+----------------+-----
Axes           | 3 4 5 |  5.0
Fighting       | 4 |  4.8
Armour         | 4 |  4.8
Shields        | 4 |  4.8
Invocations    | |  0.5

Action                   |  1- 3 |  4- 6 || total
-------------------------+-------+-------++-------
Melee: War axe           |    73 |    37 ||   110
       Headbutt          |     5 |     6 ||    11
Evoke: Wand              |       |     1 ||     1
  Eat: Chunk             |       |     3 ||     3
Armor: Scale mail        |    28 |    19 ||    47
Dodge: Dodged            |    27 |    21 ||    48
Block: Shield            |    44 |    15 ||    59
